Map: Prion Terraces

Players

BamBam

  • Race: Zerg Zerg
  • League: Grandmaster

Pokebunny - Winner!

  • Race: Terran Terran
  • League: Grandmaster

VOD

Have the link to the VOD?

Description

Time

  • Played on: April 6, 2016, 2:08 p.m.
  • Length: 7:21
Show
View Real Time Build Order
Export as new Build Order

BamBam Zerg 

Build Orders: Hatch First 

Get SALT Encoding   

  12  0:00  Drone  
  13  0:09  Drone  
  14  0:18  Extractor  
  14  0:19  Extractor  
  12  0:21  Drone x2  
  12  0:27  Overlord  
  16  0:53  Drone, Hatchery  
  16  0:58  Drone  
  16  1:01  Drone  
  18  1:08  Extractor  
  18  1:10  Drone  
  18  1:22  Spawning Pool  
  18  1:24  Drone  
  18  1:26  Drone  
  19  1:41  Drone  
  20  2:09  Queen x2  
  20  2:10  Zergling x6  
  20  2:13  Overlord  
  27  2:18  Drone  
  28  2:32  Drone x2  
  28  2:33  Drone  
  31  2:43  Drone x2  
  33  2:44  Queen  
  34  2:55  Overlord x2  
  34  3:07  Queen, Extractor  
  34  3:08  Overlord  
  36  3:14  Drone x2  
  36  3:17  Drone x4, Extractor  
  41  3:20  Drone x3  
  41  3:26  Roach Warren  
  43  3:28  Overlord  
  43  3:32  Overlord  
  43  3:40  Drone x2  
  45  3:57  Overlord  
  45  4:09  Roach x2  
  53  4:10  Roach x4  
  53  4:15  Hatchery  
  56  4:22  Roach  
  56  4:23  Roach x3  
  64  4:29  Drone x4, Evolution Chamber  
  64  4:30  Evolution Chamber  
  66  4:34  Lair  
  66  4:40  Metabolic Boost  
  66  4:53  Overlord x2, Extractor  
  66  4:54  Extractor  
  66  4:58  Zerg Missile Weapons Level 1, Zerg Ground Armor Level 1  
  64  5:04  Roach x2  
  64  5:05  Roach  
  69  5:16  Drone  
  69  5:17  Drone x2  
  72  5:24  Roach x2  
  72  5:25  Roach x2  
  71  5:43  Queen  
  71  5:44  Queen  
  71  5:48  Drone x6  
  71  5:49  Drone  
  78  6:02  Glial Reconstitution  
  78  6:07  Drone x5  
  83  6:15  Overseer  
  83  6:20  Overlord  
  83  6:21  Overlord x2  
  83  6:31  Extractor  
  82  6:33  Extractor  
  82  6:39  Overlord  
  66  6:48  Roach x5  
  66  6:49  Roach x4  
  72  6:55  Roach x3  
  72  6:56  Roach x2  
Show
View Real Time Build Order
Export as new Build Order

Pokebunny Terran - Winner!

Build Orders: Reaper Expand, MMM Bio 

Get SALT Encoding   

  12  0:00  SCV  
  13  0:13  SCV  
  14  0:19  Supply Depot  
  14  0:25  SCV  
  15  0:41  SCV  
  15  0:42  Barracks  
  16  0:47  Refinery  
  16  0:53  SCV  
  17  1:05  SCV  
  18  1:17  SCV  
  19  1:31  Orbital Command  
  19  1:36  Command Center  
  19  1:38  Reaper  
  20  1:48  Supply Depot  
  20  1:57  SCV  
  21  2:02  Barracks  
  21  2:09  SCV  
  21  2:11  Barracks Reactor  
  22  2:16  Barracks  
  22  2:21  SCV  
  23  2:23  Refinery  
  23  2:33  SCV  
  24  2:45  SCV  
  25  2:52  Barracks Tech Lab, Marine  
  25  2:53  Marine  
  25  2:55  Factory  
  25  2:56  Orbital Command  
  27  3:00  SCV  
  27  3:04  Marine  
  29  3:12  Marine  
  29  3:13  Marine, Stimpack  
  29  3:17  SCV  
  32  3:23  SCV  
  32  3:25  Marine x2  
  35  3:33  Supply Depot, SCV  
  36  3:35  SCV  
  36  3:36  Marine x2  
  39  3:41  Starport  
  39  3:44  Factory Reactor  
  39  3:50  Marine x2  
  41  3:56  Engineering Bay  
  41  3:57  SCV x2  
  43  4:03  Supply Depot  
  43  4:07  Marine x2  
  43  4:08  Marine  
  45  4:11  SCV x2  
  45  4:15  Marine  
  48  4:20  Barracks  
  48  4:23  Barracks  
  48  4:24  SCV  
  48  4:25  SCV  
  48  4:27  Factory Tech Lab, Medivac  
  48  4:29  Medivac  
  54  4:36  Supply Depot  
  54  4:38  SCV, Terran Infantry Weapons Level 1  
  54  4:39  SCV  
  56  4:48  Supply Depot  
  56  4:50  SCV  
  56  4:51  Barracks Reactor, Marine x3, SCV  
  61  4:53  Refinery  
  61  5:04  SCV x2  
  63  5:10  Marine x2  
  63  5:12  Marine  
  63  5:13  Marine x2  
  68  5:14  Supply Depot  
  68  5:15  Siege Tank  
  68  5:20  Supply Depot  
  68  5:21  SCV x2  
  73  5:26  Combat Shields  
  73  5:27  Marine x2  
  74  5:48  Marine x5  
  74  5:49  Siege Tank  
  79  5:51  SCV x2  
  79  5:52  Marine x2  
  83  5:59  Supply Depot x2  
  82  6:05  Marine  
  82  6:06  Marine x2  
  82  6:07  Medivac  
  82  6:09  Marine x2  
  82  6:10  Marine  
  82  6:11  Marine  
  90  6:14  Command Center  
  90  6:15  Medivac  
  93  6:18  Supply Depot  
  93  6:22  Siege Tank  
  93  6:25  Marine x3  
  97  6:30  Supply Depot, Marine x2  
  101  6:37  SCV x2  
  102  6:53  Marine x4  
  100  6:58  Marine x3  
Tags
 
Add a new tag
Caveats
  • Supply blocks, unpowered buildings, or Contaminate may cause inaccurate times.
  • Supply counts are checked every 10 seconds.